 Seeded DCSS version 0.28.0-43-g3370ac3207 (webtiles) character file.

Game seed: 9871404364189446373 (custom seed)

415 croobank the Skirmisher (level 6, -9/56 HPs)
             Began as a Hill Orc Fighter on Mar 25, 2022.
             Was a Follower of Beogh.
             Mangled by an ogre
             ... wielding a +0 giant club
              (22 damage)
             ... on level 5 of the Dungeon.
             The game lasted 00:10:29 (3417 turns).

croobank the Skirmisher (Hill Orc Fighter)          Turns: 3417, Time: 00:10:30

Health: -9/56      AC:  9    Str: 21    XL:     6   Next: 91%
Magic:  7/7        EV:  7    Int:  8    God:    Beogh [*.....]
Gold:   169        SH:  5    Dex: 10    Spells: 5/5 levels left

rFire   . . .      SeeInvis .   a - +1 war axe
rCold   + . .      Faith    .   c - +0 buckler
rNeg    . . .      Spirit   .   v - +0 chain mail
rPois   .          Reflect  .   (no helmet)
rElec   .          Harm     .   (no cloak)
rCorr   .          Rampage  .   (no gloves)
Will    .....                   (no boots)
Stlth   ..........              (no amulet)
HPRegen 0.18/turn               u - ring of protection from cold
MPRegen 0.10/turn               (no ring)

@: mighty, very slow
A: no striking features
a: Renounce Religion


You were on level 5 of the Dungeon.
You worshipped Beogh.
Beogh was aware of your devotion.
You visited 1 branch of the dungeon, and saw 5 of its levels.

You collected 169 gold pieces.

Inventory:

Hand Weapons
 a - a +1 war axe (weapon)
Missiles
 e - 108 stones
 i - 93 arrows
 n - 90 sling bullets
 q - 3 poisoned darts
 s - 2 boomerangs (quivered)
Armour
 b - a +0 scale mail
 c - a +0 buckler (worn)
 v - a +0 chain mail (worn)
Jewellery
 u - a ring of protection from cold (left hand)
 w - a ring of positive energy
 y - a +4 ring of protection
Wands
 d - a wand of mindburst (1)
Scrolls
 f - a scroll of holy word {holy word, unknown}
 h - 2 scrolls of identify {identify, unknown}
 j - 6 scrolls of teleportation {teleport, unknown}
 k - 4 scrolls of amnesia {amnesia, unknown}
 l - a scroll of torment {torment, unknown}
 m - a scroll of immolation {immolation, unknown}
 p - a scroll of noise {noise, unknown}
Potions
 g - a potion of ambrosia {ambrosia, unknown}
 o - 3 potions of curing
 r - 2 potions of attraction {attraction, unknown}
 t - a potion of flight {flight, unknown}
 x - a potion of heal wounds {heal wounds, unknown}


   Skills:
 + Level 5.3 Fighting
 + Level 5.0 Axes
 + Level 4.8 Armour
 + Level 4.9 Shields
 + Level 2.1 Invocations


You had 5 spell levels left.
You didn't know any spells.
Your spell library contained the following spells:

 Spells                   Type           Power      Damage    Failure   Level
 Beastly Appendage        Tmut           0%         N/A       99%         1
 Sting                    Tmut/Pois      0%         1d3       99%         1
 Poisonous Vapours        Pois/Air       0%         N/A       100%        2
 Wereblood                Tmut           0%         N/A       100%        2
 Ignite Poison            Fire/Tmut/Pois 0%         N/A       100%        3
 Mephitic Cloud           Conj/Pois/Air  0%         N/A       100%        3
 Spider Form              Tmut/Pois      0%         N/A       100%        3
 Olgreb's Toxic Radiance  Pois           0%         N/A       100%        4
 Freezing Cloud           Conj/Ice/Air   0%         6-21      100%        5


Dungeon Overview and Level Annotations

Branches:
Dungeon (5/15)
 Temple: D:4-7

Altars:

Portals:
Sewer: D:5


Message History

The river rat is almost dead.
You slash the bat!
You kill the bat!
Beogh accepts your kill.
You barely miss the ball python. You block the river rat's attack.
The ball python completely misses you. The ball python closely misses you.
The ball python bites you but does no damage.
The ball python barely misses you. The river rat barely misses you.
You slash the river rat!
You kill the river rat!
Beogh accepts your kill.
You closely miss the ball python.
The ball python bites you but does no damage.
The ball python grabs you. The ball python constricts you.
Your Axes skill increases to level 5!
You slice the ball python!!
You kill the ball python!
Beogh accepts your kill.
Found 14 gold pieces.
The river rat bites you but does no damage.
You slice the river rat!!
You kill the river rat!
Beogh accepts your kill.
You enter the shallow water.
Moving in this stuff is going to be slow.
You hear the brisk rusting of a drain.
An ogre comes into view. It is wielding a +0 giant club.
The ogre shouts!
You enter the shallow water.
Moving in this stuff is going to be slow.
You hit the ogre.
The ogre is moderately wounded.
The ogre hits you with a +0 giant club!!
* * * LOW HITPOINT WARNING * * *
You closely miss the ogre.
The ogre is moderately wounded.
You block the ogre's attack.
Your unstable footing causes you to fumble your attack.
The ogre hits you with a +0 giant club!!
You die...

#...##......
#######...##...... .
#....##...##...... #.
#....##...##......
.#.####....##..)#####...
#.#...+....++...........
.....≈).....#...........
#≈≈≈O≈##.###.........
.##≈≈≈@≈##.# #.........
#.≈≈.....≈≈.# #.........
..≈≈.....≈≈.###.........
#.≈≈$.∩....†.##.........
..≈≈..≈..≈†.............
#.≈≈≈..≈.≈≈.###.........
..##≈≈.≈≈##.# #.........
#. #≈≈.≈≈##.# #$........
..........# #######...


You could see an ogre.

Vanquished Creatures
  A black bear (D:4)
  An ogre (D:4)
  A scorpion (D:5)
  An iguana (D:5)
  Ijyb (D:5)
  2 adders
  2 river rats (D:5)
  2 adder skeletons (D:4)
  A worm (D:2)
  2 dart slugs
  6 orcs
  8 ball pythons
  12 endoplasms
  8 goblins
  3 hobgoblins
  7 jackals (D:4)
  3 quokkas
  8 bats
  3 frilled lizards
  2 kobolds
  2 rats (D:2)
76 creatures vanquished.

Notes
Turn   | Place    | Note
-------+----------+-------------------------------------------
     0 | D:1      | croobank the Hill Orc Fighter began the quest for the Orb.
     0 | D:1      | Reached XP level 1. HP: 19/19 MP: 1/1
   194 | D:1      | Reached XP level 2. HP: 25/27 MP: 2/2
   868 | D:2      | Reached XP level 3. HP: 30/33 MP: 3/3
  1644 | D:3      | Reached XP level 4. HP: 35/40 MP: 4/4
  1752 | D:3      | Became a worshipper of Beogh the Brigand
  2216 | D:4      | Noticed an ogre
  2228 | D:4      | Killed an ogre
  2229 | D:4      | Reached XP level 5. HP: 18/47 MP: 5/5
  2638 | D:4      | Noticed a black bear
  2650 | D:4      | Killed a black bear
  2651 | D:4      | Reached skill level 5 in Fighting
  2651 | D:4      | Reached skill level 1 in Invocations
  2651 | D:4      | Reached XP level 6. HP: 30/56 MP: 6/6
  3014 | D:5      | Entered Level 5 of the Dungeon
  3028 | D:5      | Reached * piety under Beogh
  3387 | D:5      | Noticed Ijyb
  3393 | D:5      | Killed Ijyb
  3404 | D:5      | Found a glowing drain.
  3409 | D:5      | Reached skill level 5 in Axes
  3417 | D:5      | Mangled by an ogre

Illustrated notes

Levels and vault maps discovered:
D:1:      onia_arrival_mini_maze_b, layout_basic, bh_walls_and_bars
D:2:      layout_basic, serial_glass, glass_columns_c, glass_columns_b,
          nrook_campfire, minmay_tripent
D:3:      layout_basic, minmay_misc_feat_encased
D:4:      layout_cave_pools
D:5:      layout_basic, cheibrodos_sewer_entry_sluice, uniq_ijyb, uniq_pikel,
          uniq_menkaure

Skill      XL: |  1  2  3  4  5  6 |
---------------+-------------------+-----
Axes           | 3 4 5 |  5.0
Fighting       | 4 5 |  5.3
Shields        | 4 |  4.9
Armour         | 4 |  4.8
Invocations    | 1 2 |  2.1

Action                   |  1- 3 |  4- 6 || total
-------------------------+-------+-------++-------
Melee: War axe           |   106 |   117 ||   223
Throw: Boomerang         |       |     4 ||     4
       Throwing net      |       |     1 ||     1
       Stone             |       |     2 ||     2
Invok: Convert to Beogh  |       |     1 ||     1
  Use: Potion            |     1 |     1 ||     2
       Scroll            |       |     1 ||     1
Armor: Scale mail        |    54 |    31 ||    85
       Chain mail        |       |    29 ||    29
Dodge: Dodged            |    64 |    56 ||   120
Block: Buckler           |    21 |    26 ||    47
